 Dungeon Crawl Stone Soup version 0.23.2-11-gf996548c65 (webtiles) character file.

Game seed: 11757651668241492721

178 MalarOregon the Chiller (level 5, 0/38 HPs)
             Began as a Ghoul Ice Elementalist on June 3, 2019.
             Slain by an orc wizard
             ... wielding a +0 dagger
              (1 damage)
             ... on level 2 of the Dungeon.
             The game lasted 00:04:36 (2906 turns).

MalarOregon the Chiller (Ghoul Ice Elementalist)    Turns: 2906, Time: 00:04:37

Health: 0/38       AC:  2    Str: 12    XL:     5   Next: 58%
Magic:  8/8        EV: 12    Int: 11    God:
Gold:   87         SH:  0    Dex:  9    Spells: 8/9 levels left

rFire    . . .     SeeInvis .   b - +1 short sword (elec)
rCold    + . .     Gourm    .   (no shield)
rNeg     + + +     Faith    .   a - +0 robe
rPois    ∞         Spirit   .   o - +0 hat
rElec    .         Reflect  .   (no cloak)
rCorr    .         Harm     .   (no gloves)
MR       .....                  (no boots)
Stlth    ++........             (no amulet)
HPRegen  0.00/turn              (no ring)
MPRegen  0.11/turn              (no ring)

@: rotting
A: rotting body, claws 1, carnivore, cold resistance 1, negative energy
resistance 3, inhibited regeneration, torment resistance, unbreathing
a: no special abilities


You were on level 2 of the Dungeon.
You were not hungry.

You visited 1 branch of the dungeon, and saw 3 of its levels.

You collected 87 gold pieces.

Inventory:

Hand Weapons
 b - a +1 short sword of electrocution (weapon)
   (You took it off a kobold on level 1 of the Dungeon)
Armour
 a - a +0 robe (worn)
 o - a +0 hat (worn)
   (You found it on level 3 of the Dungeon)
Jewellery
 h - an uncursed ring of see invisible {unknown}
   (You found it on level 2 of the Dungeon)
Wands
 t - a wand of flame (26)
   (You found it on level 3 of the Dungeon)
Scrolls
 d - a scroll of remove curse {unknown}
 f - a scroll of blinking {unknown}
 j - 2 scrolls of enchant weapon {unknown}
 m - a scroll of magic mapping {unknown}
 p - a scroll of fear {unknown}
 q - a scroll of immolation {unknown}
 r - a scroll of identify {unknown}
Potions
 c - 2 potions of heal wounds {unknown}
 g - a potion of brilliance {unknown}
 i - 2 potions of degeneration {unknown}
 k - 4 potions of curing {unknown}
 s - a potion of ambrosia {unknown}
Comestibles
 e - 3 rations {!d}


   Skills:
 + Level 2.8 Dodging
 + Level 3.8 Stealth
 + Level 2.7 Spellcasting
   Level 0.7 Conjurations
 + Level 4.4 Ice Magic


You had 8 spell levels left.
You knew the following spells:

 Your Spells              Type           Power        Failure   Level  Hunger
a - Freeze                Ice            ##..         4%          1    #......

Your spell library contained the following spells:

 Spells                   Type           Power        Failure   Level  Hunger
 Throw Frost              Conj/Ice       #.....       14%         2    ###....
 Ozocubu's Armour         Chrm/Ice       #.......     32%         3    ###....
 Throw Icicle             Conj/Ice       #.......     67%         4    #####..
 Summon Ice Beast         Ice/Summ       #.......     73%         4    #####..


Dungeon Overview and Level Annotations

Branches:
Dungeon (3/15)

Altars:
Ashenzari


Innate Abilities, Weirdness & Mutations

Your body is rotting away.
You thrive on raw meat.
You are immune to poison.
You have sharp fingernails.
You are carnivorous and can eat meat at any time.
Your flesh is cold resistant. (rC+)
You are immune to negative energy. (rN+++)
You do not regenerate when monsters are visible.
You are immune to unholy pain and torment.
You can survive without breathing.


Message History

The orc wizard casts a cantrip, but nothing happens.
The orc shouts!
The orc wizard hits you but does no damage.
In your confused state, you trip and fall back down the stairs.
The orc wizard hits you but does no damage.
Unknown command.
Unknown command.
The orc wizard closely misses you.
In your confused state, you trip and fall back down the stairs.
The orc wizard barely misses you.
The orc wizard mumbles some strange words.
The orc wizard flickers and vanishes!
Deactivating autopickup; reactivate with Ctrl-A.
Unknown command.
The orc wizard hits you but does no damage.
The orc misses you.
In your confused state, you trip and fall back down the stairs.
You feel less confused.
The orc wizard casts a spell.
The orc wizard blinks!
The orc wizard hits you with a +0 dagger.
The orc wizard closely misses you.
Unknown command.
The orc closely misses you. The orc wizard closely misses you.
The orc wizard misses you.
All of the chunks of flesh in your inventory have rotted away.
You climb upwards.
Reactivating autopickup.
There is a stone staircase leading down here.
Unknown command.
You hit the orc wizard but do no damage.
Lightning courses through the orc wizard!
You kill the orc wizard!
The orc wizard points at you and mumbles some strange words.
The magic dart hits you. The orc hits you but does no damage.
The orc wizard gestures wildly while chanting.
The orc wizard blinks!
Something hits you.
Deactivating autopickup; reactivate with Ctrl-A.
You closely miss the orc. The orc hits you with a +0 morningstar!
* * * LOW HITPOINT WARNING * * *
Something hits you!
* * * LOW HITPOINT WARNING * * *
As you read the scroll labeled AGACEI FOTUU, it crumbles to dust.
It is a scroll of amnesia.
Okay, then.
The orc hits you with a +0 morningstar!
* * * LOW HITPOINT WARNING * * *
The orc wizard hits you with a +0 dagger.
You die...

#....# ##..####.#..........
#....# ##..##..#.########. ######
####...<.##.# #.. #######
#.......#...#######.# ###
#.....###.#####....<.........
#.###(###.....#####...#####......
......#####...........###........
.##..............o...)....#......
###....###......@§...............
# #....##......o).........#......
###....##.#.........#............
.......##.#......................
.......##................#.......
..........#......................
.......)#........................
.................................
.................................


You could see an orc wizard and an orc.

Vanquished Creatures
  An orc wizard (D:2)
  A worker ant (D:3)
  5 adders
  2 oozes (D:1)
  2 worms (D:2)
  A dart slug (D:1)
  2 leopard geckos
  2 ball pythons
  2 giant cockroaches (D:1)
  9 goblins
  5 hobgoblins
  2 jackals (D:1)
  2 quokkas
  7 bats
  5 frilled lizards
  11 kobolds
  6 rats
  2 plants (D:1)
67 creatures vanquished.

Notes
Turn   | Place    | Note
-------+----------+-------------------------------------------
     0 | D:1      | MalarOregon the Ghoul Ice Elementalist began the quest for
                  | the Orb.
     0 | D:1      | Reached XP level 1. HP: 14/14 MP: 2/2
   189 | D:1      | Reached XP level 2. HP: 19/20 MP: 1/3
   964 | D:1      | Reached XP level 3. HP: 24/24 MP: 5/5
  1294 | D:1      | Found a shattered altar of Ashenzari.
  1583 | D:2      | Reached XP level 4. HP: 27/33 MP: 6/6
  1650 | D:2      | Reached skill level 4 in Ice Magic
  2347 | D:3      | Reached XP level 5. HP: 17/38 MP: 7/7
  2906 | D:2      | HP: 1/38 [orc/+0 morningstar (10)]
  2906 | D:2      | Slain by an orc wizard

Skill      XL: |  1  2  3  4 |
---------------+-------------+-----
Dodging        | 2 |  2.8
Spellcasting   | 2 |  2.7
Stealth        | 3 |  3.8
Ice Magic      | 4 |  4.4
Conjurations   | |  0.7

Action                   |  1- 3 |  4- 6 || total
-------------------------+-------+-------++-------
Melee: Unarmed           |   215 |       ||   215
       Short sword       |    53 |    72 ||   125
 Cast: Freeze            |    16 |     2 ||    18
  Use: Scroll            |       |     1 ||     1
 Stab: Sleeping          |     4 |     5 ||     9
  Eat: Chunk             |     6 |     8 ||    14
Armor: Robe              |    20 |    10 ||    30
Dodge: Dodged            |    55 |    49 ||   104
